 Dungeon Crawl Stone Soup version 0.31-a0-1447-g87ca8d4 (webtiles) character file.

Game seed: 6066764239621526382

205 PublicAnimeNo1 the Shooter (level 5, 0/61 HPs)
             Began as a Barachi Hexslinger on Dec 27, 2023.
             Was an Initiate of Dithmenos.
             Slain by a river rat (4 damage)
             ... summoned by Eustachio
             ... on level 4 of the Dungeon.
             The game lasted 00:06:35 (2355 turns).

PublicAnimeNo1 the Shooter (Barachi Hexslinger)     Turns: 2355, Time: 00:06:35

Health: 0/61       AC: 22    Str: 10    XL:     5   Next: 83%
Magic:  7/8        EV:  2    Int: 13    God:    Dithmenos [......]
Gold:   125        SH:  0    Dex: 16    Spells: 7/9 levels left

rFire   . . .        b - +2 whip (elec)
rCold   . . .        (no shield)
rNeg    . . .        c - melded +0 robe
rPois   +            (helmet currently unavailable)
rElec   .            (cloak currently unavailable)
rCorr   .            g - melded +1 pair of gloves
SInv    .            (boots currently unavailable)
Will    .....        (no amulet)
Stlth   +            (no ring)
HPRegen 0.30/turn    (no ring)
MPRegen 0.11/turn

%: no passive effects
@: tree-form, weak-willed
A: stationary, stasis, torment immunity, boosted hp, (amphibious), (slowness 1),
(strong legs 1), +LOS
a: Renounce Religion


You were on level 4 of the Dungeon.
You worshipped Dithmenos.
Dithmenos was noncommittal.
You were a tree.
You visited 1 branch of the dungeon, and saw 4 of its levels.

You collected 125 gold pieces.

Inventory:

Hand Weapons
 a - a +1 sling
 b - a +2 whip of electrocution (weapon)
Missiles
 h - a throwing net
Armour
 c - a +0 robe (melded)
 g - a +1 pair of gloves (melded)
 o - a +1 hat
Wands
 m - a wand of charming (14)
Scrolls
 d - a scroll of butterflies {unknown}
 f - 2 scrolls of teleportation
 i - a scroll of noise {unknown}
 j - a scroll of torment {unknown}
 k - 2 scrolls of immolation {unknown}
 n - a scroll of silence {unknown}
 p - a scroll of poison
Potions
 l - a potion of berserk rage {unknown}
 q - a potion of resistance {unknown}


   Skills:
 + Level 3.0 Fighting
 * Level 3.9 Ranged Weapons
 + Level 3.5 Dodging
 + Level 2.5 Spellcasting
 - Level 3.2 Hexes
 - Level 1.1 Fire Magic


You had 7 spell levels left.
You knew the following spells:

 Your Spells              Type           Power      Damage    Failure   Level
a - Jinxbite              Hex            20%        N/A       10%         2

Your spell library contained the following spells:

 Spells                   Type           Power      Damage    Failure   Level
 Sigil of Binding         Hex            10%        N/A       19%         3
 Inner Flame              Hex/Fire       7%         N/A       30%         3
 Cause Fear               Hex            5%         N/A       52%         4
 Dimensional Bullseye     Hex/Tloc       2%         N/A       77%         4


Dungeon Overview and Level Annotations

Branches:
Dungeon (4/15)
 Temple: D:4-7

Altars:
Dithmenos
Fedhas
Gozag
Kikubaaqudgha
Makhleb
Sif Muna
Trog

Annotations:
D:4 Eustachio


Innate Abilities, Weirdness & Mutations

You are a tree.
Your roots penetrate the ground, keeping you stationary.
You cannot be teleported.
You are immune to unholy pain and torment.
Your maximum health is greatly increased.
Your equipment is partially melded.
((You are amphibious.))
((You cover ground slowly.))
((You can hop short distances.))
You have an extended range of vision and can be seen from far away.


Message History

The river rat barely misses you.
Fire: a) +1 sling
Press: ? - help, Q - select action, (/) - cycle Shift-Dir - straight line, f/p - Eustachio
Aim: Eustachio, wielding a +1 rapier of holy wrath and wearing a +1 leather armour of positive energy (heavily wounded, heavily drained, 50% to hit)
You shoot a sling bullet.
The sling bullet barely misses Eustachio.
The river rat bites you.
Fire: a) +1 sling
Press: ? - help, Q - select action, (/) - cycle Shift-Dir - straight line, f/p - Eustachio
Aim: Eustachio, wielding a +1 rapier of holy wrath and wearing a +1 leather armour of positive energy (heavily wounded, heavily drained, 50% to hit)
You shoot a sling bullet.
The sling bullet hits Eustachio but does no damage.
Eustachio is heavily wounded.
Eustachio seems less drained.
The river rat misses you.
You hear the crackle of electricity.
b - a +2 whip of electrocution (weapon)
You closely miss Eustachio.
Eustachio is heavily wounded.
The river rat bites you. Eustachio misses you.
The river rat closely misses you.
You hit Eustachio.
Eustachio is heavily wounded.
Eustachio hits you with a +1 rapier of holy wrath.
* * * LOW HITPOINT WARNING * * *
The river rat completely misses you.
You barely miss Eustachio.
Eustachio is heavily wounded.
Eustachio closely misses you.
The river rat bites you but does no damage.
You barely miss Eustachio.
Eustachio is heavily wounded.
Eustachio closely misses you. The river rat bites you.
* * * LOW HITPOINT WARNING * * *
Eustachio hits you with a +1 rapier of holy wrath.
* * * LOW HITPOINT WARNING * * *
It was a potion of lignification.
You turn into a tree.
Your +1 pair of gloves melds into your body.
Your +0 robe melds into your body.
Your roots penetrate the ground.
The river rat bites you.
You die...

........#.#
........#.# #
.......#.#.#
........#.#.#
..#.#......#
.[...#.#.####
............#
.[...#.._..##
.....#..r♣.#
.### #.#.#@#
#.#.#.#
#.#.#.#
#.#.#.#
#.#.#.#
#.#...#
..##..# ##
..#


You could see Eustachio and a river rat (summoned).

Vanquished Creatures
  A howler monkey (D:4)
  A jelly (D:2)
  An orc wizard (D:3)
  3 adders
  2 worms
  3 dart slugs
  3 orcs (D:3)
  4 ball pythons
  11 endoplasms
  2 giant cockroaches
  6 goblins
  4 hobgoblins
  14 kobolds
  2 quokkas (D:2)
  5 bats
  4 frilled lizards
  3 rats
69 creatures vanquished.

Notes
Turn   | Place    | Note
-------+----------+-------------------------------------------
     0 | D:1      | PublicAnimeNo1 the Barachi Hexslinger began the quest for
                  | the Orb.
     0 | D:1      | Reached XP level 1. HP: 15/15 MP: 2/2
   116 | D:1      | Reached XP level 2. HP: 21/21 MP: 3/3
   422 | D:1      | Reached XP level 3. HP: 27/27 MP: 5/5
   740 | D:2      | Learned a level 2 spell: Jinxbite
  1168 | D:2      | Found a bloodstained altar of Trog.
  1168 | D:2      | Found a burning altar of Makhleb.
  1168 | D:2      | Found an opulent altar of Gozag.
  1168 | D:2      | Found a blossoming altar of Fedhas.
  1168 | D:2      | Found a shimmering blue altar of Sif Muna.
  1168 | D:2      | Found an ancient bone altar of Kikubaaqudgha.
  1181 | D:2      | Reached XP level 4. HP: 28/33 MP: 3/6
  1777 | D:3      | Reached XP level 5. HP: 36/39 MP: 8/8
  2312 | D:4      | Noticed Eustachio
  2318 | D:4      | Found a shadowy altar of Dithmenos.
  2327 | D:4      | Became a worshipper of Dithmenos the Shadowed
  2355 | D:4      | Slain by a river rat

Illustrated notes

Levels and vault maps discovered:
D:1:      eino_arrival_water_cross, layout_rooms
D:2:      cheibrodos_fertilizer, layout_loops_ring, minmay_misc_feat_cross
D:3:      layout_basic
D:4:      layout_basic, grunt_dithmenos_smoke, serial_demonic, serial_demonic_g,
          serial_demonic_f, serial_demonic_c, serial_demonic_c,
          serial_demonic_a, mrwooster_statue_mirror, kennysheep_crisscross,
          amethyst_killhole, uniq_eustachio

Skill      XL: |  1  2  3  4  5 |
---------------+----------------+-----
Fighting       | 2 3 |  3.0
Ranged Weapons | 3 |  3.9
Dodging        | 3 |  3.5
Spellcasting   | 2 |  2.5
Hexes          | |  3.2
Fire Magic     | |  1.1

Action                     |  1- 3 |  4- 6 || total
---------------------------+-------+-------++-------
  Melee: Whip              |       |     4 ||     4
   Fire: Sling             |   126 |   105 ||   231
   Cast: Jinxbite          |     3 |     7 ||    10
    Use: Scroll            |       |     1 ||     1
         Potion            |       |     1 ||     1
 Armour: Robe              |    37 |    34 ||    71
         Skin              |       |     1 ||     1
  Dodge: Dodged            |    50 |    43 ||    93

Table legend: (Time is in decaauts)
 A = Elapsed time spent in this place.
 B = Non-inter-level travel time spent in this place.
 C = Inter-level travel time spent in this place.
 D = Time resting spent in this place.
 E = Time spent auto-exploring this place.
 F = Levels seen in this place.
 G = Mean time per level.
                   A        B        C        D        E       F      G
               +--------+--------+--------+--------+--------+-----+--------+
         Total |   2748 |   2594 |    154 |    171 |   1908 |   4 |  687.0 |
       Dungeon |   2748 |   2594 |    154 |    171 |   1908 |   4 |  687.0 |
               +--------+--------+--------+--------+--------+-----+--------+

Top non-repeatable levels by time:
     D:2: 1338 daAuts
     D:3: 705 daAuts
     D:1: 626 daAuts
     D:4: 78 daAuts
